 Dungeon Crawl Stone Soup version 0.23.1 (webtiles) character file.

Game seed: 11432371158414469969

18956 Reinor the Unseen (level 12, -3/61 HPs)
             Began as a Spriggan Enchanter on Mar 2, 2019.
             Was an Elder of Wu Jian.
             Slain by an ettin
             ... wielding a +0 dire flail
              (30 damage)
             ... on level 12 of the Dungeon.
             The game lasted 01:02:28 (15359 turns).

Reinor the Unseen (Spriggan Enchanter)             Turns: 15359, Time: 01:02:29

Health: -3/61      AC:  5    Str:  4    XL:     12   Next: 32%
Magic:  15/25      EV: 31    Int: 22    God:    Wu Jian [****..]
Gold:   618        SH:  0    Dex: 22    Spells: 5/27 levels left

rFire    . . .     SeeInvis +   z - +2 short sword (speed)
rCold    . . .     Gourm    .   (shield restricted)
rNeg     + . .     Faith    .   N - +0 steam dragon scales
rPois    .         Spirit   .   (helmet restricted)
rElec    .         Reflect  .   (no cloak)
rCorr    .         Harm     .   (gloves unavailable)
MR       ++...                  (boots unavailable)
Stlth    ++++++....             (no amulet)
HPRegen  0.20/turn              f - +6 ring of dexterity
MPRegen  0.19/turn              n - ring of positive energy

@: studying Slings, very quick
A: very small, unfitting armour, see invisible, herbivore, speed 3, slow
metabolism 2
a: Wall Jump, Serpent's Lash, Renounce Religion


You were on level 12 of the Dungeon.
You worshipped Wu Jian.
Wu Jian was greatly pleased with you.
You were not hungry.

You visited 2 branches of the dungeon, and saw 13 of its levels.
You also visited: Ossuary.

You collected 758 gold pieces.
You spent 140 gold pieces at shops.

Inventory:

Hand Weapons
 t - the +9 hunting sling of Foolhardiness {venom, *Contam rC- Dex+5 Stlth+}
   (You found it on level 5 of the Dungeon)

   It poisons the ammo it fires.
   It affects your dexterity (+5).
   It makes you vulnerable to cold.
   It causes magical contamination when unequipped.
   It makes you more stealthy.
 z - a +2 short sword of speed (weapon)
 L - a +2 dagger of protection
 O - the +4 rapier of Conversion {pierce, rElec}
   (You found it on level 8 of the Dungeon)

   It inflicts extra damage upon your enemies.
   It insulates you from electricity.
 R - a +0 blowgun
Missiles
 g - 389 stones (quivered)
 j - 10 needles of sleeping
 D - 37 poisoned needles
 P - a throwing net
Armour
 b - a +1 robe
 N - +0 steam dragon scales (worn)
Magical Staves
 m - an uncursed staff of poison
 p - an uncursed staff of air
Jewellery
 f - a +6 ring of dexterity (left hand)
 n - a ring of positive energy (right hand)
 J - an uncursed ring of wizardry
 M - an uncursed ring of positive energy
Wands
 c - a wand of iceblast (9)
 A - a wand of disintegration (7)
 U - a wand of polymorph (8)
Scrolls
 k - 7 scrolls of remove curse
 o - 4 scrolls of enchant weapon
 u - 4 scrolls of identify
 v - a scroll of magic mapping
 w - 4 scrolls of teleportation
 y - a scroll of enchant armour
 F - a scroll of fear
 S - a scroll of amnesia
Potions
 e - 7 potions of lignification
 h - 3 potions of heal wounds
 i - 3 potions of brilliance
 l - 2 potions of agility
 q - 5 potions of curing
 r - 3 potions of mutation
 s - a potion of might
 C - a potion of cancellation
 G - 3 potions of haste
 H - a potion of invisibility
 Q - a potion of flight
Books
 B - a manual of Slings
Miscellaneous
 a - a phial of floods (inert)
 E - a crystal ball of energy
 I - a sack of spiders
 T - a lamp of fire (inert)
Comestibles
 d - 12 rations


   Skills:
 - Level 6.0 Fighting
 + Level 10.9 Short Blades
 + Level 12.6 Dodging
 - Level 15.0 Stealth
 - Level 8.0 Spellcasting
 + Level 8.7 Hexes
 - Level 5.1 Charms


You had 5 spell levels left.
You knew the following spells:

 Your Spells              Type           Power        Failure   Level  Hunger
a - Corona                Hex            #####..      1%          1    None
b - Ensorcelled Hibernat  Hex/Ice        ####..       1%          2    None
c - Confuse               Hex            #####...     1%          3    None
d - Dazzling Spray        Conj/Hex       ####..       3%          3    None
e - Regeneration          Chrm/Necr      ###.......   8%          3    None
f - Blink                 Tloc           N/A          11%         2    None
g - Apportation           Tloc           #.....       8%          1    None
h - Summon Small Mammal   Summ           #...         8%          1    None
i - Invisibility          Hex            #####...     32%         6    ######.

Your spell library contained the following spells:

 Spells                   Type           Power        Failure   Level  Hunger
 Confusing Touch          Hex            #####.       1%          1    None
 Slow                     Hex            #####...     1%          2    None
 Tukima's Dance           Hex            #####...     1%          3    None
 Animate Skeleton         Necr           N/A          8%          1    None
 Beastly Appendage        Tmut           #.....       8%          1    None
 Freeze                   Ice            #...         8%          1    None
 Magic Dart               Conj           #...         8%          1    None
 Pain                     Necr           #...         8%          1    None
 Summon Butterflies       Summ           #.......     8%          1    None
 Ozocubu's Armour         Chrm/Ice       ###.....     8%          3    None
 Call Imp                 Summ           #.......     11%         2    None
 Sticks to Snakes         Tmut           #.......     11%         2    None
 Throw Frost              Conj/Ice       #.....       11%         2    None
 Conjure Flame            Conj/Fire      #.......     22%         3    None
 Lesser Beckoning         Tloc           #.........   22%         3    None
 Mephitic Cloud           Conj/Pois/Air  #.......     22%         3    None
 Spider Form              Tmut/Pois      #.........   22%         3    None
 Vampiric Draining        Necr           #.........   22%         3    None
 Animate Dead             Necr           N/A          58%         4    ###....
 Ice Form                 Ice/Tmut       #.......     58%         4    ###....
 Summon Ice Beast         Ice/Summ       #.......     58%         4    ###....
 Throw Icicle             Conj/Ice       #.......     58%         4    ###....
 Alistair's Intoxication  Tmut/Pois      #.......     90%         5    #####..
 Blade Hands              Tmut           #.........   90%         5    #####..


Dungeon Overview and Level Annotations

Branches:
Dungeon (12/15)            Temple (1/1) D:6            Lair (0/6) D:8
    Orc (0/2) D:11

Altars:
Ashenzari
Cheibriados
Dithmenos
Elyvilon
Fedhas
Gozag
Hepliaklqana
Kikubaaqudgha
Makhleb
Nemelex Xobeh
Okawaru
Qazlal
Ru
Sif Muna
Trog
Uskayaw
Vehumet
Wu Jian
Xom
Yredelemnul
Zin
The Shining One

Shops:
D:5 ?   D:6 }   D:10 *

Annotations:
D:12 1 runed translucent door, peem's ghost, journeyman VSAs


Innate Abilities, Weirdness & Mutations

You are very small and have problems with some larger weapons.
You are too small for most types of armour.
You have supernaturally acute eyesight. (SInv)
You are a herbivore.
You cover ground extremely quickly.
You need to consume almost no food.


Message History

Aiming: Dazzling Spray (safe; 3% risk of failure)
Press: ? - help, Shift-Dir - straight line, f/p - ettin
Aim: an ettin, wielding two +0 dire flails (lightly wounded, confused)
The spray of energy hits the ettin.
The ettin is lightly wounded.
The ettin is dazzled.
You lunge at the ettin, in a flurry of attacks.
You hit the ettin but do no damage.
The ettin is lightly wounded.
You hit the ettin but do no damage.
The ettin is lightly wounded.
There is an open door, spattered with blood here.
You spin and attack the ettin repeatedly.
You hit the ettin but do no damage.
The ettin is lightly wounded.
You hit the ettin but do no damage.
The ettin is lightly wounded.
The ettin completely misses you.
The ettin hits you with a +0 dire flail!!
You die...

#####...........♣ ♣W♣.
#...........♣P....
#...........♣P.♣P♣
#...........♣♣...♣
#............♣♣♣♣
#.######....yy.y♣♣
#.#....#..######).
#.C....#..#....#..
#@#....#..#....#..
#.######..#....#..
#........##....#[.
#........#.....#..
#####........#.....#..
#............#.....#..
#.....#####..#.....#..
#.....#...#..#.....##.
###...'...#..#......#.


You could see an ettin (pinned).

Vanquished Creatures
  A frost giant (D:12)
  A vampire knight (D:12)
  A fire dragon (D:11)
  A hydra (D:12)
  3 two-headed ogres
  A cyclops (D:11)
  3 ugly things
  A gargoyle (D:12)
  2 trolls (D:11)
  3 meliai (D:12)
  Prince Ribbit (D:5)
  A hippogriff (D:10)
  A shadow (D:12)
  A spriggan (D:9)
  A wraith (D:12)
  A wyvern (D:12)
  4 yaks (D:12)
  Grum (D:9)
  A steam dragon (D:9)
  3 hungry ghosts
  Menkaure (D:4)
  An acid dragon (D:11)
  A water moccasin (D:9)
  2 phantoms
  A necrophage (D:11)
  5 orc warriors
  2 ice beasts (D:7)
  8 sky beasts
  3 black bears (D:7)
  7 ogres
  An eye of draining (D:10)
  2 centaurs
  4 wolves (D:9)
  A crocodile (D:10)
  2 big kobolds
  An elf zombie (Ossuary)
  7 bullfrogs
  A wyvern skeleton (D:11)
  A water moccasin zombie (D:8)
  18 killer bees
  3 scorpions
  3 wights (D:9)
  2 howler monkeys
  10 crimson imps
  A bullfrog zombie (D:9)
  A human zombie (Ossuary)
  7 orc priests
  13 hounds
  4 jellies
  5 orc wizards
  5 bullfrog skeletons
  6 centaur skeletons
  Ijyb (D:3)
  Terence (D:3)
  3 iguanas
  14 worker ants
  4 hound zombies
  4 mummies (Ossuary)
  A worker ant zombie (D:8)
  Robin (D:3)
  9 gnolls
  16 adders
  A howler monkey skeleton (D:10)
  3 shadow imps
  An ooze (D:4)
  An adder skeleton (D:8)
  3 adder zombies
  2 dart slugs
  A worm (D:4)
  7 leopard geckos
  25 orcs
  4 bats
  3 giant cockroaches
  10 goblins (D:3)
  6 hobgoblins
  11 jackals
  12 kobolds
  7 quokkas
  4 frilled lizards
  A gnoll zombie (Ossuary)
  A goblin zombie (Ossuary)
  A jackal skeleton (D:7)
  4 jackal zombies
  An orc zombie (Ossuary)
  2 quokka skeletons
  A rat (D:1)
327 creatures vanquished.

Vanquished Creatures (collateral kills)
  An orc warrior (D:10)
  An orc (D:10)
2 creatures vanquished.

Vanquished Creatures (others)
  3 fungi (D:12)
  A plant (D:12)
4 creatures vanquished.

Grand Total: 333 creatures vanquished

Notes
Turn   | Place    | Note
-------+----------+-------------------------------------------
     0 | D:1      | Reinor the Spriggan Enchanter began the quest for the Orb.
     0 | D:1      | Reached XP level 1. HP: 9/9 MP: 5/5
   360 | D:1      | Reached XP level 2. HP: 13/13 MP: 6/6
   374 | D:1      | Reached skill level 5 in Stealth
   383 | D:1      | Learned a level 2 spell: Ensorcelled Hibernation
   766 | D:2      | Found a faded altar of an unknown god.
  1112 | D:2      | Found a snail-covered altar of Cheibriados.
  1182 | D:2      | Reached XP level 3. HP: 5/16 MP: 8/8
  2608 | D:2      | Reached skill level 6 in Stealth
  3109 | D:2      | Reached XP level 4. HP: 21/21 MP: 4/9
  3246 | D:3      | Noticed Ijyb
  3249 | D:3      | Killed Ijyb
  3303 | D:3      | Found a hide-covered altar of Uskayaw.
  3303 | D:3      | Noticed Robin
  3385 | D:3      | Killed Robin
  3531 | D:3      | Noticed Terence
  3533 | D:3      | Reached skill level 7 in Stealth
  3533 | D:3      | Reached XP level 5. HP: 23/24 MP: 10/10
  3542 | D:3      | Killed Terence
  4626 | D:4      | Reached skill level 8 in Stealth
  4632 | D:4      | Reached XP level 6. HP: 28/28 MP: 11/11
  4656 | D:4      | Noticed an orc warrior
  4787 | D:4      | Learned a level 3 spell: Confuse
  4797 | D:4      | Reached skill level 5 in Short Blades
  4874 | D:4      | Reached XP level 7. HP: 32/32 MP: 14/14
  4875 | D:4      | Noticed Menkaure
  5123 | D:4      | Killed Menkaure
  5123 | D:4      | Reached skill level 5 in Spellcasting
  5123 | D:4      | Reached skill level 5 in Hexes
  5846 | D:4      | Reached XP level 8. HP: 36/36 MP: 15/18
  5876 | D:4      | Reached skill level 9 in Stealth
  6003 | D:5      | Entered Level 5 of the Dungeon
  6067 | D:5      | Got a jewelled hunting sling
  6068 | D:5      | Identified the +9 hunting sling of Foolhardiness {venom,
                  | *Contam rC- Dex+5 Stlth+} (You found it on level 5 of the
                  | Dungeon)
  6079 | D:5      | Noticed Prince Ribbit
  6358 | D:5      | Found Mukhipn's Magic Scroll Emporium.
  6380 | D:5      | Killed Prince Ribbit
  6403 | D:5      | Reached skill level 10 in Stealth
  6728 | D:5      | Bought a scroll of magic mapping for 49 gold pieces
  6728 | D:5      | Bought a scroll of teleportation for 42 gold pieces
  6751 | D:5      | Found a burning altar of Makhleb.
  6784 | D:5      | Found a shattered altar of Ashenzari.
  6867 | D:5      | Found a sparkling altar of Nemelex Xobeh.
  7226 | D:6      | Found a staircase to the Ecumenical Temple.
  7232 | D:6      | Reached skill level 11 in Stealth
  7237 | Temple   | Entered the Ecumenical Temple
  7272 | Temple   | Became a worshipper of the Wu Jian Council
  7336 | D:6      | Reached XP level 9. HP: 35/39 MP: 13/19
  7590 | D:6      | Found Pouph's Gadget Emporium.
  7649 | D:6      | Found an ancient bone altar of Kikubaaqudgha.
  7706 | D:6      | Reached skill level 5 in Dodging
  7706 | D:6      | Reached skill level 12 in Stealth
  8761 | D:7      | Found a bloodstained altar of Trog.
  8763 | D:7      | Reached * piety under Wu Jian
  9294 | D:8      | Found a sand-covered staircase.
  9312 | Ossuary  | Entered an ossuary
  9742 | D:8      | Found a staircase to the Lair.
  9813 | D:8      | Reached XP level 10. HP: 16/44 MP: 10/23
 10348 | D:7      | Reached ** piety under Wu Jian
 10739 | D:8      | Reached skill level 10 in Dodging
 10840 | D:8      | Learned a level 3 spell: Dazzling Spray
 10844 | D:8      | Learned a level 3 spell: Regeneration
 10866 | D:8      | Found a white marble altar of Elyvilon.
 10930 | D:8      | Reached skill level 1 in Fighting
 11029 | D:8      | Got an iridescent quarterstaff
 11029 | D:8      | Got a translucent rapier
 11030 | D:8      | Identified the +4 rapier of Conversion {pierce, rElec} (You
                  | found it on level 8 of the Dungeon)
 11210 | D:9      | Noticed Grum
 11243 | D:9      | Reached skill level 1 in Charms
 11250 | D:9      | Killed Grum
 11523 | D:9      | Noticed a two-headed ogre
 11525 | D:9      | Killed a two-headed ogre
 11525 | D:9      | Reached skill level 5 in Charms
 11556 | D:9      | Learned a level 2 spell: Blink
 11570 | D:9      | Reached *** piety under Wu Jian
 11709 | D:9      | Found a glowing golden altar of the Shining One.
 11808 | D:9      | Found a shimmering altar of Xom.
 11808 | D:9      | Found a deep blue altar of Sif Muna.
 11808 | D:9      | Found a radiant altar of Vehumet.
 11905 | D:9      | Found a blossoming altar of Fedhas.
 12124 | D:10     | Entered Level 10 of the Dungeon
 12149 | D:10     | Reached XP level 11. HP: 53/53 MP: 24/24
 12249 | D:10     | Noticed a two-headed ogre
 12260 | D:10     | Killed a two-headed ogre
 12314 | D:10     | Reached skill level 13 in Stealth
 12393 | D:10     | Found Vewed's General Store.
 12400 | D:10     | Bought a scroll of amnesia for 49 gold pieces
 12654 | D:10     | Reached **** piety under Wu Jian
 13149 | D:11     | Found a staircase to the Orcish Mines.
 13557 | D:11     | Noticed a two-headed ogre
 13666 | D:11     | Killed a two-headed ogre
 13666 | D:11     | Reached skill level 5 in Fighting
 13695 | D:11     | Noticed a fire dragon
 13709 | D:11     | Killed a fire dragon
 13854 | D:11     | Noticed a purple ugly thing
 13867 | D:11     | Killed a purple ugly thing
 13887 | D:11     | Found a radiant altar of Vehumet.
 14041 | D:12     | Reached skill level 14 in Stealth
 14048 | D:12     | Noticed a five-headed hydra
 14054 | D:12     | Killed a five-headed hydra
 14271 | D:12     | Noticed a purple ugly thing
 14272 | D:12     | Killed a purple ugly thing
 14407 | D:12     | Found a runed translucent door.
 14410 | D:12     | Learned a level 1 spell: Apportation
 14412 | D:12     | Learned a level 1 spell: Summon Small Mammal
 14414 | D:12     | Noticed peem's ghost (journeyman VSAs)
 14415 | D:12     | Noticed a spriggan rider
 14418 | D:12     | Identified the +1 spear of the Chickpea {drain, Fragile
                  | Str+8 Stlth+}
 14418 | D:12     | Noticed a spriggan rider
 14445 | D:12     | Found a runed translucent door.
 14445 | D:12     | Noticed an ettin
 14445 | D:12     | Noticed a vampire knight
 14445 | D:12     | Noticed a frost giant
 14448 | D:12     | Killed a frost giant
 14448 | D:12     | Reached skill level 10 in Short Blades
 14448 | D:12     | Reached XP level 12. HP: 61/61 MP: 25/25
 14663 | D:12     | Killed a vampire knight
 14674 | D:12     | Reached skill level 15 in Stealth
 15102 | D:12     | Learned a level 6 spell: Invisibility
 15359 | D:12     | Slain by an ettin

Skill      XL: |  1  2  3  4  5  6  7  8  9 10 11 12 |
---------------+-------------------------------------+-----
Stealth        | 5 6 7 8 11 12 14 15 | 15.0
Short Blades   | 2 3 4 5 7 8 10 | 10.9
Spellcasting   | 4 6 8 |  8.0
Hexes          | 4 6 8 |  8.7
Dodging        | 4 9 10 12 | 12.6
Fighting       | 4 6 |  6.0
Charms         | 5 |  5.1

Action                   |  1- 3 |  4- 6 |  7- 9 | 10-12 || total
-------------------------+-------+-------+-------+-------++-------
Melee: Dagger            |   120 |   105 |   216 |       ||   441
       Short sword       |       |       |   204 |   552 ||   756
 Fire: Blowgun           |       |       |       |     2 ||     2
Throw: Stone             |     3 |       |    11 |     1 ||    15
 Cast: Ensorcelled Hiber |     9 |    17 |    73 |    81 ||   180
       Confuse           |       |     2 |     9 |    48 ||    59
       Dazzling Spray    |       |       |       |     8 ||     8
       Regeneration      |       |       |       |     1 ||     1
Invok: Lunge             |       |       |    38 |    79 ||   117
       Whirlwind         |       |       |    27 |   121 ||   148
Evoke: Wand              |       |       |       |    13 ||    13
       Phial of floods   |       |       |       |     1 ||     1
       Lamp of fire      |       |       |       |     1 ||     1
  Use: Scroll            |     5 |     3 |    14 |     7 ||    29
       Potion            |       |       |     1 |     1 ||     2
 Stab: Sleeping          |    10 |    16 |    74 |    91 ||   191
       Confused          |       |     2 |    10 |    38 ||    50
       Distracted        |       |       |     3 |     3 ||     6
  Eat: Ration            |       |     1 |     3 |     4 ||     8
Armor: Robe              |     6 |     3 |     9 |     5 ||    23
       Steam dragon scal |       |       |       |    10 ||    10
Dodge: Dodged            |    94 |    60 |   205 |   281 ||   640
